[ PARTIDA AOE2 · #472109912 ]
1v1 RMArmenios vs Mongols
Equipo del jugador · DERR
Equipo rival · VICT
[ ANÁLISIS DE REPETICIÓN · EXTRAÍDO DE LA PARTIDA GRABADA ]
Feudal
11:06
Castillos
30:24
Imperial
—
| APM promedio | 15.0 |
| APM pico | 29 |
| eAPM promedio | 6.9 |
| Aldeanos / militares | 30 / 24 |
Foco
⚔️ 33.2% · 🌾 66.8%
Skirmisher ×15 · Militia ×6 · Spearman ×3
Feudal
10:24
Castillos
18:41
Imperial
30:49
| APM promedio | 21.2 |
| APM pico | 54 |
| eAPM promedio | 11.3 |
| Aldeanos / militares | 96 / 24 |
Foco
⚔️ 16.9% · 🌾 83.1%
Mangudai ×10 · Cavalry Archer ×9 · Mangonel ×4 · Spearman ×1
Mapa de la partida
Recursos iniciales + cada clic de construcción. Líneas = muros · curvas = relieve. ◆ oro · ⬟ piedra · ● bayas · ✦ reliquia · ◌ hueco del cierre
Tu base· Abierta — flanco sin cerrar
Base de Mad7Mac· Abierta — flanco sin cerrar
Terreno inicial suavizado · ◌ = hueco del cierre detectado · pasá el cursor para detalles
Inputs por minuto
— Pieterschieter - - Mad7Mac
Build order — Pieterschieter
119 acciones detectadas en el replay
| 0:04 | Construir | House |
| 0:04 | Crear | Villager (Male) |
| 0:05 | Crear | Villager (Male) |
| 0:05 | Crear | Villager (Male) |
| 0:05 | Crear | Villager (Male) |
| 0:05 | Crear | Villager (Male) |
| 0:21 | Construir | House |
| 1:41 | Crear | Villager (Male) |
| 1:54 | Construir | Mule Cart |
| 2:08 | Crear | Villager (Male) |
| 2:37 | Crear | Villager (Male) |
| 3:02 | Crear | Villager (Male) |
| 3:32 | Investigar | Loom |
| 3:43 | Crear | Villager (Male) |
| 3:58 | Crear | Villager (Male) |
| 4:27 | Construir | House |
| 4:38 | Construir | House |
| 5:11 | Crear | Villager (Male) |
| 5:28 | Crear | Villager (Male) |
| 6:04 | Crear | Villager (Male) |
| 8:06 | Construir | Mill |
| 8:19 | Construir | Mule Cart |
| 8:56 | Investigar | Feudal Age |
| 9:25 | Construir | Barracks |
| 11:06 | Edad | Edad Feudal |
| 11:07 | Investigar | Horse Collar |
| 11:10 | Investigar | Double-Bit Axe |
| 11:13 | Investigar | Town Watch |
| 11:25 | Construir | Blacksmith |
| 11:38 | Construir | Farm |
| 11:40 | Construir | Farm |
| 11:41 | Construir | Farm |
| 11:43 | Construir | Farm |
| 11:45 | Construir | Farm |
| 11:48 | Construir | Farm |
| 11:50 | Construir | Farm |
| 11:51 | Construir | Farm |
| 12:02 | Crear | Villager (Male) |
| 12:03 | Crear | Villager (Male) |
| 12:03 | Crear | Villager (Male) |
| 12:03 | Crear | Villager (Male) |
| 13:00 | Crear | Villager (Male) |
| 13:12 | Crear | Villager (Male) |
| 13:18 | Investigar | Gold Mining |
| 13:29 | Crear | Villager (Male) |
| 13:56 | Crear | Villager (Male) |
| 14:17 | Construir | House |
| 14:44 | Construir | Mule Cart |
| 14:48 | Construir | House |
| 14:52 | Crear | Villager (Male) |
| 14:52 | Crear | Villager (Male) |
| 14:54 | Crear | Villager (Male) |
| 15:23 | Crear | Villager (Male) |
| 15:31 | Construir | House |
| 15:31 | Construir | House |
| 15:36 | Crear | Villager (Male) |
| 15:58 | Crear | Villager (Male) |
| 16:10 | Construir | Farm |
| 16:13 | Construir | Farm |
| 16:16 | Construir | Farm |
| 16:17 | Construir | Farm |
| 16:19 | Construir | Farm |
| 16:21 | Crear | Villager (Male) |
| 16:49 | Construir | Mule Cart |
| 17:23 | Investigar | Wheelbarrow |
| 17:29 | Investigar | Stone Mining |
| 17:58 | Investigar | Man-at-Arms (upgrade) |
| 18:12 | Construir | Farm |
| 18:36 | Investigar | Scale Mail Armor |
| 18:45 | Investigar | Long Swordsman (upgrade) |
| 19:12 | Investigar | Scale Mail Armor |
| 19:26 | Crear | Militia |
| 19:26 | Crear | Militia |
| 19:54 | Crear | Militia |
| 19:55 | Crear | Militia |
| 19:55 | Crear | Militia |
| 20:09 | Construir | Archery Range |
| 20:25 | Investigar | Forging |
| 20:44 | Crear | Militia |
| 21:03 | Investigar | Padded Archer Armor |
| 21:03 | Investigar | Fletching |
| 21:13 | Crear | Skirmisher |
| 21:38 | Crear | Spearman |
| 21:39 | Crear | Spearman |
| 21:39 | Crear | Spearman |
| 21:45 | Crear | Skirmisher |
| 21:45 | Crear | Skirmisher |
| 21:46 | Crear | Skirmisher |
| 22:21 | Investigar | Pikeman (upgrade) |
| 22:30 | Investigar | Arson |
| 22:40 | Crear | Skirmisher |
| 24:46 | Construir | Farm |
| 27:12 | Crear | Skirmisher |
| 27:12 | Crear | Skirmisher |
| 27:13 | Crear | Skirmisher |
| 27:44 | Investigar | Castle Age |
| 30:24 | Edad | Edad de los Castillos |
| 30:32 | Investigar | Elite Skirmisher (upgrade) |
| 30:34 | Investigar | Bodkin Arrow |
| 30:35 | Investigar | Leather Archer Armor |
| 30:37 | Investigar | Squires |
| 30:54 | Crear | Skirmisher |
| 30:54 | Crear | Skirmisher |
| 31:01 | Construir | Monastery |
| 33:28 | Investigar | Gambesons |
| 33:36 | Crear | Skirmisher |
| 33:36 | Crear | Skirmisher |
| 33:36 | Crear | Skirmisher |
| 33:36 | Crear | Skirmisher |
| 33:37 | Crear | Skirmisher |
| 33:41 | Investigar | Town Patrol |
| 33:50 | Construir | University |
| 34:12 | Investigar | Bow Saw |
| 34:32 | Crear | Villager (Male) |
| 34:54 | Construir | Farm |
| 34:57 | Construir | Farm |
| 34:59 | Construir | Farm |
| 35:02 | Construir | Farm |
| 35:03 | Construir | Farm |
Build order — Mad7Mac
Primeras 150 de 185 acciones detectadas
| 0:00 | Crear | Villager (Male) |
| 0:01 | Crear | Villager (Male) |
| 0:01 | Crear | Villager (Male) |
| 0:01 | Crear | Villager (Male) |
| 0:02 | Construir | House |
| 0:03 | Construir | House |
| 0:48 | Construir | House |
| 0:53 | Construir | Lumber Camp |
| 1:45 | Crear | Villager (Male) |
| 1:46 | Investigar | Loom |
| 2:27 | Crear | Villager (Male) |
| 3:20 | Crear | Villager (Male) |
| 3:20 | Crear | Villager (Male) |
| 3:39 | Crear | Villager (Male) |
| 3:39 | Crear | Villager (Male) |
| 4:10 | Construir | Mill |
| 4:17 | Crear | Villager (Male) |
| 4:17 | Crear | Villager (Male) |
| 4:42 | Crear | Villager (Male) |
| 5:45 | Crear | Villager (Male) |
| 5:45 | Crear | Villager (Male) |
| 5:46 | Crear | Villager (Male) |
| 6:14 | Construir | House |
| 6:51 | Construir | Mill |
| 7:24 | Crear | Villager (Male) |
| 7:26 | Crear | Villager (Male) |
| 7:57 | Construir | Farm |
| 8:00 | Construir | Farm |
| 8:14 | Investigar | Feudal Age |
| 8:35 | Construir | House |
| 8:38 | Crear | Villager (Male) |
| 9:05 | Construir | Lumber Camp |
| 9:51 | Crear | Villager (Male) |
| 9:51 | Crear | Villager (Male) |
| 10:12 | Construir | Barracks |
| 10:24 | Edad | Edad Feudal |
| 10:28 | Crear | Villager (Male) |
| 10:28 | Crear | Villager (Male) |
| 10:28 | Crear | Villager (Male) |
| 11:14 | Crear | Villager (Male) |
| 11:15 | Crear | Villager (Male) |
| 11:20 | Construir | Farm |
| 11:37 | Construir | Archery Range |
| 11:45 | Crear | Villager (Male) |
| 12:17 | Construir | Mining Camp |
| 12:23 | Crear | Villager (Male) |
| 12:23 | Crear | Villager (Male) |
| 12:23 | Crear | Villager (Male) |
| 12:55 | Crear | Villager (Male) |
| 12:55 | Crear | Villager (Male) |
| 13:00 | Construir | Farm |
| 13:04 | Construir | Farm |
| 13:54 | Construir | Lumber Camp |
| 14:19 | Construir | House |
| 14:20 | Construir | House |
| 14:46 | Crear | Villager (Male) |
| 14:46 | Crear | Villager (Male) |
| 15:07 | Construir | Blacksmith |
| 15:14 | Crear | Villager (Male) |
| 15:42 | Construir | Mining Camp |
| 15:51 | Construir | House |
| 15:54 | Investigar | Castle Age |
| 16:21 | Investigar | Double-Bit Axe |
| 16:40 | Crear | Spearman |
| 18:12 | Construir | Mining Camp |
| 18:17 | Crear | Villager (Male) |
| 18:17 | Crear | Villager (Male) |
| 18:17 | Crear | Villager (Male) |
| 18:24 | Construir | Farm |
| 18:27 | Construir | Farm |
| 18:29 | Construir | Farm |
| 18:33 | Construir | Farm |
| 18:38 | Construir | Farm |
| 18:40 | Construir | Farm |
| 18:41 | Edad | Edad de los Castillos |
| 18:41 | Construir | Farm |
| 18:42 | Construir | Farm |
| 18:43 | Construir | Farm |
| 18:44 | Construir | Farm |
| 18:46 | Construir | Farm |
| 18:48 | Construir | Farm |
| 18:52 | Construir | Farm |
| 18:56 | Crear | Villager (Male) |
| 18:56 | Crear | Villager (Male) |
| 18:56 | Crear | Villager (Male) |
| 19:06 | Construir | Mill |
| 19:19 | Construir | Town Center |
| 19:24 | Crear | Cavalry Archer |
| 19:24 | Crear | Cavalry Archer |
| 19:24 | Crear | Cavalry Archer |
| 19:25 | Crear | Cavalry Archer |
| 19:25 | Crear | Cavalry Archer |
| 19:33 | Crear | Villager (Male) |
| 19:59 | Construir | House |
| 19:59 | Construir | House |
| 20:00 | Construir | House |
| 20:08 | Crear | Villager (Male) |
| 20:09 | Crear | Villager (Male) |
| 20:17 | Crear | Cavalry Archer |
| 20:41 | Investigar | Horse Collar |
| 20:49 | Crear | Villager (Male) |
| 21:15 | Crear | Villager (Male) |
| 21:29 | Construir | Farm |
| 21:43 | Crear | Villager (Male) |
| 21:43 | Crear | Villager (Male) |
| 21:44 | Crear | Villager (Male) |
| 21:53 | Construir | Farm |
| 22:04 | Crear | Cavalry Archer |
| 22:05 | Crear | Cavalry Archer |
| 22:05 | Crear | Cavalry Archer |
| 22:10 | Crear | Villager (Male) |
| 22:10 | Crear | Villager (Male) |
| 22:10 | Crear | Villager (Male) |
| 22:26 | Construir | Market |
| 22:59 | Investigar | Heavy Plow |
| 23:01 | Crear | Villager (Male) |
| 23:02 | Crear | Villager (Male) |
| 23:02 | Crear | Villager (Male) |
| 26:18 | Construir | Castle |
| 27:20 | Crear | Villager (Male) |
| 27:20 | Crear | Villager (Male) |
| 27:20 | Crear | Villager (Male) |
| 27:20 | Crear | Villager (Male) |
| 27:21 | Crear | Villager (Male) |
| 27:21 | Crear | Villager (Male) |
| 27:38 | Investigar | Imperial Age |
| 29:49 | Crear | Mangudai |
| 29:49 | Crear | Mangudai |
| 29:50 | Crear | Mangudai |
| 30:49 | Edad | Edad Imperial |
| 31:25 | Construir | Mining Camp |
| 31:33 | Crear | Mangudai |
| 31:33 | Crear | Mangudai |
| 31:33 | Crear | Mangudai |
| 31:46 | Construir | Siege Workshop |
| 31:47 | Construir | Siege Workshop |
| 31:48 | Construir | Siege Workshop |
| 31:53 | Crear | Villager (Male) |
| 31:53 | Crear | Villager (Male) |
| 31:53 | Crear | Villager (Male) |
| 31:54 | Crear | Villager (Male) |
| 31:54 | Crear | Villager (Male) |
| 31:54 | Crear | Villager (Male) |
| 31:54 | Crear | Villager (Male) |
| 31:55 | Crear | Villager (Male) |
| 31:55 | Crear | Villager (Male) |
| 31:55 | Crear | Villager (Male) |
| 32:04 | Construir | Mining Camp |
| 32:06 | Crear | Villager (Male) |
| 32:06 | Crear | Villager (Male) |
Cronología de la partida
| 9:25 | Pieterschieter · first_building Barracks |
| 10:12 | Mad7Mac · first_building Barracks |
| 10:24 | Mad7Mac · age_up feudal |
| 11:06 | Pieterschieter · age_up feudal |
| 11:37 | Mad7Mac · first_building Archery Range |
| 18:41 | Mad7Mac · age_up castle |
| 20:09 | Pieterschieter · first_building Archery Range |
| 25:30 | Mad7Mac · first_market_sell 100 wood |
| 25:43 | Mad7Mac · first_market_buy 100 food |
| 26:18 | Mad7Mac · first_building Castle |
| 30:24 | Pieterschieter · age_up castle |
| 30:49 | Mad7Mac · age_up imperial |
| 31:01 | Pieterschieter · first_building Monastery |
| 31:46 | Mad7Mac · first_building Siege Workshop |
| 35:24 | Pieterschieter · resign |
[ ANÁLISIS IA · 1 CRÉDITO ]
¿Qué pasó realmente en esta partida?
Wolo.gg analiza cada decisión: build order, eco, micro, errores típicos por bracket. Análisis personalizado por WhatsApp o Discord en 30 segundos.
Guía civ
Armenios
Guía mapa
Mountain Ridge
Perfil
Pieterschieter